AoeStats
← alix

Arabian Desert

509122339Analyzed
1v1 RM · 7d ago on Sep 25, 2026· 41m 47s· 2 players
Game mode
Random Map
Map size
Tiny (2 player)
Population
200
Speed
Normal
Resources
Standard
Victory
Conquest
Starting age
Dark Age
Ending age
Imperial Age
RankedLock teamsTeams togetherTeam positionsShared explorationLock speedFull tech treeHidden civsTurbo modeCheats
Victory
Defeat
🇩🇪 Turks · Germany
1804
+21
🇩🇰 Italians · Denmark
1920
-21
alix
5:56 Loom
8:22 Feudal Age
9:43 Double-Bit Axe
10:01 Horse Collar
15:37 Fletching
21:40 Castle Age
20:06 Fletching
21:07 Padded Archer Armor
21:18 Bloodlines
21:25 Gold Mining
22:53 Wheelbarrow
22:18 Bodkin Arrow
22:34 Bow Saw
23:51 Husbandry
27:21 Leather Archer Armor
26:54 Town Watch
27:25 Hand Cart
28:31 Ballistics
34:17 Imperial Age
36:10 Bracer
38:17 Scale Barding Armor
39:59 Chain Barding Armor
39:50 Forging
41:29 Heavy Plow
42:33 Plate Barding Armor
42:34 Iron Casting
Young Carter
8:53 Feudal Age
7:08 Loom
9:21 Double-Bit Axe
19:55 Castle Age
18:16 Horse Collar
18:29 Gold Mining
19:35 Bloodlines
20:00 Crossbowman
22:19 Bow Saw
22:10 Fletching
23:02 Padded Archer Armor
23:04 Bodkin Arrow
25:21 Padded Archer Armor
29:55 Ballistics
30:30 Wheelbarrow
31:03 Leather Archer Armor
34:35 Thumb Ring
38:52 Imperial Age
39:47 Bracer
40:06 Hand Cart
40:35 Conscription
40:07 Heated Shot
41:18 Chemistry
40:29 Masonry
41:06 Arbalester
42:01 Bracer
Connection lost

Rejoining the realm…

Still unreachable

The connection could not be restored.

Session expired

The server has moved on; the page needs a fresh start.